[Event "E Women's Candidates Tournament 2022-23"]
[Site "Chess.com"]
[Date "2023.03.29"]
[Round "3"]
[White "Tan, Zhongyi"]
[Black "Lei, Tingjie"]
[Result "1-0"]
[WhiteElo "2526"]
[BlackElo "2545"]
[ECO "A20"]
[EventDate "2023.??.??"]
[Annotator "pigle"]
[PlyCount "75"]
[Beauty "7836302054409"]
[EventType "match"]
[EventRounds "4"]
[EventCountry "FID"]
[TimeControl "5400+30"]

1.c4 e5 2.d3 {With his opening choice, Tan shows a desire to play a simple Sicilian with reversed colors rather than engage in a theoretical battle.} 2...Bb4+ {By the same logic, the Sicilian with the check on b5 has been a headache for Black, so why not try it with reversed colors $2 I promise to stop making these comparisons from now on, otherwise, this analysis may be harder to understand than the movie \"Inception.\" Judging who gets the better of inverted color openings is very difficult in chess.} 3.Nd2 c5 {A creative move. Black gains control in the center but seals the bishop's fate on b4.} 4.Nf3 Nc6 5.g3 d6 {A novelty on move five. I love when this happens in high-level games, as it shows everyone that chess is more than over-preparing openings.} ( 5...f5 $6 {[%c_effect f5;square;f5;type;Inaccuracy;persistent;true] led to trouble for Black in a recent game.} 6.Bg2 Nf6 7.O-O Ba5 8.a3 O-O $6 ( 8...d6 ) 9.b4 $1 {[%c_effect b4;square;b4;type;GreatFind;persistent;true] 1-0 Supi,L (2608)-Roebers,E (2361) Tata Steel-B 85th Wijk aan Zee 2023 (11) with a clear advantage for White in Supi-Roebers, Wijk aan Zee 2023.} ) 6.Bg2 Nge7 7.O-O Bxd2 {Black has to play this as soon as the pin on the d2-knight is undone.} 8.Bxd2 h6 {I believe Lei wanted to speed up the Be6-Qd7 plan, and that's why she made this move, avoiding the knight jump on g5. Of course, castling is almost never bad, and in this position, this is no exception.} ( 8...O-O {is the most natural.} ) 9.a3 a5 10.b4 $5 {[%c_effect b4;square;b4;type;Interesting;persistent;true] An interesting pawn sacrifice to speed up the attack on the queenside.} ( 10.b3 {Setting up Rb1 and then b4 is possible, although it seems a bit slow.} ) ( 10.Rb1 a4 11.b4 axb3 12.Qxb3 O-O {This is a natural sequence. The position is balanced.} ) 10...axb4 11.axb4 Rxa1 12.Qxa1 Nxb4 13.Bxb4 cxb4 14.Rb1 Nc6 {The previous moves were pretty straightforward, but now White has a choice.} 15.d4 $6 ( 15.Ne1 {is a classic plan, taking the knight to c2. Black needs to play with precision.} 15...O-O ( 15...h5 $6 {[%c_effect h5;square;h5;type;Inaccuracy;persistent;true] is too optimistic.} 16.Nc2 h4 17.Nxb4 {Black's attack is not strong.} ) ( 15...Be6 16.Nc2 d5 17.cxd5 Bxd5 18.Nxb4 {This is the dream position for White, with the better pawn structure.} ) 16.Nc2 Bg4 $1 {[%c_effect g4;square;g4;type;GreatFind;persistent;true] The right move to achieve equality.} 17.e3 Bf5 18.Nxb4 Nxb4 19.Rxb4 Bxd3 20.Bd5 Qc8 {The position is roughly even.} ) 15...Bf5 16.Rc1 $6 ( 16.Rb3 {is better, to regain the pawn on b4. But White has no advantage after} 16...O-O 17.d5 Nb8 18.Rxb4 Qc7 ) 16...O-O 17.d5 ( 17.dxe5 $2 {[%c_effect e5;square;e5;type;Mistake;persistent;true] doesn't work:} 17...dxe5 18.Nxe5 b3 {The b-pawn is very strong.} ( 18...Nxe5 {is also good.} 19.Qxe5 Qd2 ) ) 17...Nb8 18.c5 $1 {[%c_effect c5;square;c5;type;GreatFind;persistent;true] White needs to act quickly.} 18...dxc5 $1 19.Nxe5 ( 19.Rxc5 Na6 {leads to a clear advantage for Black.} ) 19...f6 {Not the most accurate, according to the machine. The position is very complicated, and it's hard to evaluate if White's compensation for the pawn is enough.} ( 19...Na6 20.e4 ) ( 19...Qf6 20.e4 Bc8 21.Nc4 Qxa1 22.Rxa1 b5 23.Nd6 Ba6 {Black is somewhat better with the dangerous pawns on the queenside.} ) ( 19...Qe7 {is also good for Black after} 20.e4 Bh7 ) 20.Nc4 ( 20.Nd3 $1 {[%c_effect d3;square;d3;type;GreatFind;persistent;true] is better, as the knight has a brighter future on f4.} 20...b6 21.e4 {with compensation for the pawn.} ) 20...Nd7 ( 20...Bd7 {is more accurate: the bishop supports the b5 advance and is safe from a pawn or knight attack.} ) 21.Ne3 $1 ( 21.e4 $6 {[%c_effect e4;square;e4;type;Inaccuracy;persistent;true] This move is not good because the central advance is not so simple, and the e4-pawn can be attacked.} 21...Bg6 22.f4 $2 b5 ) 21...Bg6 {It's hard to say whether the bishop is better on g6 or h7. To me, the move played is the most natural.} ( 21...Bh7 ) 22.d6 $6 ( 22.Qa4 $1 {[%c_effect a4;square;a4;type;GreatFind;persistent;true] The queen comes to the game, and White has enough compensation.} ) 22...Kh7 $6 ( 22...Qb6 $1 {[%c_effect b6;square;b6;type;GreatFind;persistent;true] is the right path to the advantage.} 23.Bd5+ Kh7 24.Nc4 Qb5 ) 23.Nd5 ( 23.Qa4 $1 {[%c_effect a4;square;a4;type;GreatFind;persistent;true] Again, this queen move is the best option.} ) 23...Qa8 ( 23...Qb8 {is also possible:} 24.Nc7 Rd8 {with a slight advantage for Black.} ) 24.Qb2 Qa6 ( 24...Qa3 {is not enough for an advantage in the endgame:} 25.Qxa3 bxa3 26.Ra1 Ra8 ( 26...b5 27.Rxa3 b4 28.Ra7 Rd8 {this is also even.} ) 27.Nc3 ) 25.Nf4 $1 {[%c_effect f4;square;f4;type;GreatFind;persistent;true] White surrenders the pride of her position, the d6 pawn, but Black's king is surprisingly unsafe after the exchange on g6.} 25...Qxd6 26.Nxg6 Kxg6 27.Qc2+ f5 ( 27...Kf7 $2 28.Rd1 {the attack on the light squares is very strong.} ) 28.Rd1 ( 28.e4 {is also interesting.} ) 28...Qe7 ( 28...Qe6 29.e4 $1 {[%c_effect e4;square;e4;type;GreatFind;persistent;true] with good counterplay.} ) 29.Bh3 {We have reached the climax of the game. Many beautiful and difficult variations can be found from now on. With both players in serious time trouble, mistakes are to be expected.} 29...Ne5 ( 29...Nb6 30.Bxf5+ $1 {[%c_effect f5;square;f5;type;GreatFind;persistent;true] This is an important idea in many variations.} 30...Rxf5 ( 30...Kf6 $2 31.Bh7 $18 ) 31.g4 Qg5 $1 {[%c_effect g5;square;g5;type;GreatFind;persistent;true] Now White has to find the only saving move.} 32.Kh1 $1 {[%c_effect h1;square;h1;type;GreatFind;persistent;true] Black's pawns are a key factor now.} ( 32.Qxf5+ Qxf5 33.gxf5+ Kxf5 {with a winning endgame.} ) ( 32.Rd6+ Kh7 33.Qxf5+ ( 33.Rxb6 Qxg4+ ) 33...Qxf5 34.gxf5 Nc4 {Black wins.} ) 32...Qxg4 33.Rg1 {This is the point.} 33...Qxg1+ 34.Kxg1 c4 {The pawns are dangerous, but a queen is a queen. The game ends in perpetual check.} 35.Qe4 b3 36.Qe8+ Rf7 37.Qe4+ Rf5 ) ( 29...b3 $5 {[%c_effect b3;square;b3;type;Interesting;persistent;true] This is a recurring theme. The pawn can be sacrificed to distract the queen from the attack.} 30.Qxb3 Nf6 {The knight goes to e4, but White retains compensation for the missing pawn.} ) 30.Rd5 $2 ( 30.f4 $1 {[%c_effect f4;square;f4;type;GreatFind;persistent;true] is the best move.} 30...b3 $1 ( 30...Nc6 31.Bxf5+ $1 {[%c_effect f5;square;f5;type;GreatFind;persistent;true] Again, this idea.} 31...Rxf5 32.g4 Qe3+ 33.Kh1 ( 33.Kg2 Kh7 $1 34.Qxf5+ Kh8 35.Qf8+ Kh7 {with perpetual check.} ) 33...Qxf4 $1 ( 33...Kh7 $2 {[%c_effect h7;square;h7;type;Mistake;persistent;true] Now this move doesn't work.} 34.Qxf5+ Kh8 35.Rd7 {White is able to bring the rook to the attack since the pawn cannot be captured with check on e2.} ) 34.gxf5+ Kf7 $1 {[%c_effect f7;square;f7;type;GreatFind;persistent;true] and the game remains complicated.} ( 34...Qxf5 $2 {[%c_effect f5;square;f5;type;Mistake;persistent;true] This loses in a pretty way.} 35.Rd6+ Kg5 36.h4+ Kg4 ( 36...Kf4 37.e3+ Ke5 ( 37...Kg4 38.Rg6+ ) 38.Qxc5+ Ke4 39.Qc2+ Ke5 40.Rd5+ {winning the queen.} ) 37.Rg6+ Kf4 38.Qd2+ Ke5 ( 38...Ke4 39.Qd3+ Kf4 40.Qg3+ Ke4 41.Rg4+ Kd5 42.e4+ $18 ) 39.Qd6+ Ke4 40.Re6+ Ne5 41.Rxe5+ $3 Qxe5 42.Qd3+ Kf4 43.Qf3# {A nice king hunt $1} ) ) 31.Qxb3 Nc6 {Black has a small advantage.} ) 30...Qe6 $2 {[%c_effect e6;square;e6;type;Mistake;persistent;true] A blunder in time trouble.} ( 30...c4 $1 {[%c_effect c4;square;c4;type;GreatFind;persistent;true] leads to a win.} 31.Bxf5+ Rxf5 32.g4 Qg5 $1 {[%c_effect g5;square;g5;type;GreatFind;persistent;true] Again, the same pattern.} 33.Qxf5+ Qxf5 34.gxf5+ Kf6 $1 {[%c_effect f6;square;f6;type;GreatFind;persistent;true] An accurate move.} ( 34...Kxf5 $6 {[%c_effect f5;square;f5;type;Inaccuracy;persistent;true] is not good, as the knight is now pinned. We can see the difference after} 35.Kf1 c3 36.Ke1 {Now, Black can even lose if she continues pushing the pawns.} 36...b3 $2 37.Rb5 b2 38.Kd1 {The move Ne5-c4 is not available.} ) 35.Kf1 c3 36.Ke1 b3 37.Kd1 Nc4 {and the pawns march forward.} ) 31.Qxc5 {The knight and the rook are threatened, and White can also play Rd6 to win the queen. Black's position collapses, but the fight is not over.} 31...Nd7 ( 31...Re8 32.Rd6 {wins the queen.} ) 32.Rxd7 ( 32.Qd4 {is a precise computer move, threatening the knight and also 33.Rd6. But the move played is good enough.} ) 32...Qxd7 33.Qxf8 Qd1+ 34.Bf1 b3 {White still needs to be careful about the advance of the b-pawn.} 35.Qe8+ $2 {[%c_effect e8;square;e8;type;Mistake;persistent;true] Both 35.e4 and 35.g4 are winning.} ( 35.e4 fxe4 36.Qe8+ Kf6 ( 36...Kf5 37.Qf7+ Ke5 38.Qxg7+ Kf5 39.Qxb7 {White is able to control the pawn. The game might continue:} 39...Qc2 40.Qd5+ Kf6 41.Bc4 $1 b2 42.Qe6+ Kg7 ( 42...Kg5 43.h4+ Kh5 44.Qf5# ) 43.Qf7+ Kh8 44.Qg8# ) 37.Qa4 {The queen comes back and the b-pawn is controlled.} ) ( 35.g4 {has similar ideas:} 35...fxg4 36.e4 h5 37.Qf5+ Kh6 38.Qb5 {White wins.} ) 35...Kh7 36.Qb5 f4 $2 {[%c_effect f4;square;f4;type;Mistake;persistent;true] The last mistake.} ( 36...Qb1 $1 {[%c_effect b1;square;b1;type;GreatFind;persistent;true] is enough for a draw since White is not in time to bring the bishop to the game.} 37.e4 ( 37.e3 b2 38.Qd3 Qc1 39.Qxf5+ Kh8 {with a draw.} ) 37...b2 38.Qxf5+ Kh8 {White has nothing more than a perpetual check.} ) 37.e3 fxe3 38.Qd3+ {The queens are exchanged, and the game is over. A thrilling battle to start the match.} ( 38.Qd3+ Qxd3 39.Bxd3+ Kg8 40.fxe3 ) 1-0

[Event "E Women's Candidates Tournament 2022-23"]
[Site "Chess.com"]
[Date "2023.03.30"]
[Round "4"]
[White "Lei, Tingjie"]
[Black "Tan, Zhongyi"]
[Result "1-0"]
[WhiteElo "2545"]
[BlackElo "2526"]
[ECO "D31"]
[EventDate "2023.??.??"]
[Annotator "pigle"]
[PlyCount "157"]
[Beauty "5365487903241"]
[EventType "match"]
[EventRounds "4"]
[EventCountry "FID"]
[TimeControl "5400+30"]

1.d4 d5 2.c4 e6 3.Nf3 dxc4 4.e4 ( 4.e3 {is more popular and solid, heading for the main line of the Queen's Gambit Accepted. The move played in the game leads to sharper positions.} ) 4...b5 5.a4 c6 6.Nc3 {A rare move, but the game will quickly transpose to a well-known position.} ( 6.axb5 cxb5 7.b3 Bb7 {This position was played in a great game from Kasparov's last tournament before announcing his retirement.} ( 7...Nf6 {is also possible.} ) 8.bxc4 Bxe4 9.cxb5 Nf6 {Vallejo Pons-Kasparov, Linares 2005.} ) 6...Bb4 {Now we're back to a position with more than a thousand games played. It makes sense for Black to try to exploit White's move order with the move 6...b4. Considering the time spent, it's likely Tan didn't expect this opening and was improvising from this moment on.} ( 6...b4 ) 7.Bd2 Qb6 {Another rare move, this time leading to truly unexplored positions already on move eight, something we also saw in the first game of the match.} ( 7...a5 ) ( 7...Nf6 ) 8.Be2 Ne7 {A new move. It makes sense to develop the knight here, to escape from the move e4-e5.} ( 8...Nf6 9.e5 ( 9.Qc2 {was Gromovs-Zimina, Campobasso op 2007.} ) 9...Nd5 10.Ne4 {and White has the typical compensation for the pawn.} ) 9.Qc2 {By protecting the knight, White prepares the thematic break on b3.} ( 9.b3 {is premature due to} 9...Bxc3 10.Bxc3 b4 $1 ) 9...Bb7 ( 9...a5 $5 {[%c_effect a5;square;a5;type;Interesting;persistent;true] Accelerating play on the queenside makes sense. Black is better prepared to face 10.b3 now.} 10.b3 {This move is not forced, but it illustrates Black's idea.} 10...cxb3 11.Qxb3 Ba6 $1 {[%c_effect a6;square;a6;type;GreatFind;persistent;true] with a good position.} ) 10.b3 $1 cxb3 ( 10...Bxc3 $6 11.Qxc3 {This is the point, now the b5-b4 push is not available.} ) 11.Qxb3 a5 $1 {[%c_effect a5;square;a5;type;GreatFind;persistent;true] It's necessary to return the pawn. Exchanging the dark-squared bishop would be positional suicide.} ( 11...Bxc3 $2 12.Bxc3 ) ( 11...bxa4 $6 {[%c_effect a4;square;a4;type;Inaccuracy;persistent;true] This spoils the pawn structure.} 12.Nxa4 Bxd2+ 13.Nxd2 Qxb3 ( 13...Qxd4 $2 14.Qxb7 $1 Qxa1+ 15.Bd1 {White wins material.} ) 14.Nxb3 {With a clear positional advantage for White.} ) 12.axb5 cxb5 13.Bxb5+ Bc6 14.Bd3 {Keeping the bishops gives more chances for an advantage.} ( 14.Bxc6+ Nbxc6 15.d5 exd5 16.exd5 Nd4 $1 17.Qa4+ Kf8 {Black has a good position despite the king on f8.} ) 14...Nd7 15.O-O O-O 16.Rab1 ( 16.d5 {is usually not good because the d7-knight can jump to c5.} 16...Nc5 $1 ) 16...Rfb8 $2 {[%c_effect b8;square;b8;type;Mistake;persistent;true] This move puts Black in trouble.} ( 16...Rfc8 {is better: the queen can go to d8 next, so the b4-bishop is not pinned anymore. The position is balanced.} ) 17.Bf4 $1 {[%c_effect f4;square;f4;type;GreatFind;persistent;true] This is the problem—the bishop attacks the rook, and White gains precious time to prepare Na2.} 17...Rd8 18.Na2 $1 {[%c_effect a2;square;a2;type;GreatFind;persistent;true] This bishop cannot move, and White is much better.} 18...Nf6 19.Bg5 $6 ( 19.Rfe1 $1 {[%c_effect e1;square;e1;type;GreatFind;persistent;true] is more accurate. White will capture the bishop on b4 and win a pawn, with not enough compensation for Black.} ) 19...Rab8 $2 ( 19...h6 $1 {[%c_effect h6;square;h6;type;GreatFind;persistent;true] This difficult move is the best defense. The point appears after the natural continuation:} 20.Bxf6 gxf6 21.Nxb4 axb4 22.Qxb4 Qxb4 23.Rxb4 f5 $1 {[%c_effect f5;square;f5;type;GreatFind;persistent;true] with enough counterplay for a draw.} 24.exf5 Bxf3 25.gxf3 Nc6 ) 20.d5 $1 {[%c_effect d5;square;d5;type;GreatFind;persistent;true] The thematic central advance is possible thanks to a tactical detail.} 20...Be8 ( 20...exd5 21.e5 $1 {[%c_effect e5;square;e5;type;GreatFind;persistent;true] White wins a piece.} ) ( 20...Nexd5 {is a desperate measure, but the compensation for the piece is not adequate after} 21.exd5 Bxd5 22.Bc4 ) 21.Qb2 $6 {[%c_effect b2;square;b2;type;Inaccuracy;persistent;true] White has many tempting moves, and it's hard to pick the most accurate. This has always been a flaw in my game: being an indecisive person by nature, I find it difficult to choose just one of several tempting moves. Of course, many other chess players also suffer from this.} ( 21.Nxb4 {seems to be the simpler road to a nearly winning position.} 21...Qxb4 {This is probably the best chance.} ( 21...axb4 22.Be3 $1 Qb7 23.dxe6 fxe6 24.Ng5 {The e6-pawn falls and White has a winning advantage.} ) 22.Qa2 ( 22.Qc2 {is also very good.} ) 22...Qa4 ( 22...Qc3 {meets a beautiful refutation:} 23.dxe6 $3 Qxd3 24.Ne5 {with a decisive double attack on the queen and the pawn on f7.} ) 23.Qxa4 Bxa4 24.Rxb8 Rxb8 25.Ra1 Be8 26.dxe6 fxe6 27.Rxa5 {With an extra pawn (even though the structure is all on the same flank) and the bishop pair, White has a technically won position.} ) 21...Ng6 22.Rfc1 $6 {[%c_effect c1;square;c1;type;Inaccuracy;persistent;true] Again, White has many interesting moves, and this is not the most impressive.} ( 22.e5 Nxd5 23.Bxd8 Qxd8 {This is Black's idea: sacrifice the exchange to get active play.} ) ( 22.Nxb4 axb4 23.Rfe1 $5 {[%c_effect e1;square;e1;type;Interesting;persistent;true] White keeps a dangerous initiative with calm play.} ) 22...h6 $1 23.Be3 ( 23.Bxf6 gxf6 24.Nxb4 ( 24.Qxf6 exd5 ) 24...axb4 {Here, the advantage is not so clear anymore, although I still prefer White.} ) 23...Qb7 24.Nxb4 axb4 25.Ra1 Rbc8 {This move is criticized by the computer, although its suggested refutation is not so clear to my eyes.} ( 25...Ra8 26.Rxa8 Qxa8 27.Qxb4 exd5 28.e5 Ne4 {This is similar to what will happen in the game.} ) 26.Rxc8 Qxc8 ( 26...Rxc8 $2 27.Ba6 ) 27.Qxb4 ( 27.Bb6 $1 {[%c_effect b6;square;b6;type;GreatFind;persistent;true] The computer is very happy with this move, but let's examine it more closely:} 27...Rd7 $1 {[%c_effect d7;square;d7;type;GreatFind;persistent;true] Forced.} ( 27...Rd6 $2 28.Qxb4 {is very bad for Black.} ) 28.Bb5 $1 Rd6 ( 28...Rb7 $2 29.Ba6 ) 29.Rc1 $1 {[%c_effect c1;square;c1;type;GreatFind;persistent;true] This is the machine's idea. The bishop will go to c7, and White wins the exchange. But I think Black has good practical compensation after} 29...Qa8 30.Bc7 Bxb5 31.Bxd6 Nxe4 32.Qxb4 Qxd5 33.Bg3 {My engine evaluates this as a clear advantage for White, but with active pieces, a pawn for the exchange, and all pawns on the same flank, I think Black has realistic drawing chances. But no doubt, long suffering lies ahead.} ) 27...exd5 28.e5 Ne4 ( 28...d4 $5 {[%c_effect d4;square;d4;type;Interesting;persistent;true] is an interesting sacrifice to activate the pieces.} 29.Bxd4 ( 29.exf6 {Black is saved by a miracle in this line:} 29...dxe3 30.Bxg6 exf2+ 31.Kxf2 fxg6 {and Black escapes with equality.} ) 29...Nd5 ) 29.Rc1 Qe6 {White has some advantage, but not enough for a win. This evaluation will not change for a long time.} 30.Qa5 Rb8 31.Qc7 Ra8 32.h3 Qe7 33.Qxe7 Nxe7 34.Nd4 Ng6 35.e6 ( 35.f4 {is also possible, but Black is still defending.} 35...Bd7 ( 35...Ra3 $2 {[%c_effect a3;square;a3;type;Mistake;persistent;true] It's important to note that this natural move loses after} 36.Bxe4 dxe4 37.Rc8 Rxe3 38.Rxe8+ Kh7 39.f5 $1 Nf4 40.e6 {The e-pawn marches to victory.} ) 36.Rc7 Nf8 ) 35...fxe6 36.Nxe6 Bf7 37.Nc7 Rd8 38.Bd4 Nf4 39.Ba6 Ng5 40.Be5 Ng6 41.Bd4 Nf4 42.h4 Nge6 43.Nxe6 Nxe6 {For now, Tan is defending very well.} 44.Be5 h5 ( 44...Bg6 {is also possible, not committing the pawn structure.} ) 45.Bd3 Re8 46.f4 Rd8 47.Kf2 Nf8 48.Rc6 Ra8 49.Bf5 Nh7 50.Ke3 Ra3+ ( 50...Nf8 ) 51.Bc3 ( 51.Bd3 {is more dangerous:} 51...Ra8 52.f5 {with some pressure.} ) 51...Ra8 52.Rd6 Re8+ 53.Be5 Nf6 54.Ra6 Ne4 {Sacrificing a pawn to arrive in a position with opposite colored bishops, where drawing chances are usually very high.} 55.Kd4 {White declines the offer.} ( 55.Bxe4 dxe4 56.Kxe4 {This endgame should be a draw without much trouble.} ) 55...Ng3 56.Bd3 Ne4 57.Ra7 Rc8 58.Bc7 Re8 59.Be5 Rc8 60.Ra3 Kf8 61.Rb3 Ra8 62.Rb8+ {With this move, White practically accepts that there's no way to avoid a draw. But there's still a surprise to come.} 62...Rxb8 63.Bxb8 g6 64.Ke5 Kg7 ( 64...Nf2 65.Be2 d4 $1 66.Kxd4 Be6 {This is an easy draw since Black can set up a fortress on the light squares.} ) 65.Ba7 Ng3 66.Bd4 Kf8 67.Kd6 Nf5+ 68.Bxf5 gxf5 69.Ke5 Be8 70.Kxf5 Bd7+ 71.Kg5 Bg4 $4 {[%c_effect g4;square;g4;type;Blunder;persistent;true] Chess is a cruel game sometimes. After conducting a difficult defense for many moves, Tan blunders, and now the game is lost.} ( 71...Be8 $1 {[%c_effect e8;square;e8;type;GreatFind;persistent;true] White can't make progress, for instance:} 72.f5 Kg8 73.g4 hxg4 74.Kxg4 Bf7 75.Kg5 Be8 76.h5 Bf7 77.h6 Be8 78.Kf6 Kh7 79.Ke7 Bh5 {with a draw.} ) 72.Kg6 $1 Be2 73.f5 Bd3 {The bishop needs to prevent the advance of the f-pawn, but now White captures on h5, and the pawns decide the game.} 74.g3 Kg8 75.Kxh5 Bxf5 76.g4 Bd3 77.Kh6 Kf7 78.h5 Ke6 79.Kg7 {Another great fighting game. The match started in the best possible way for the spectators.} 1-0